 Dungeon Crawl Stone Soup version 0.27-a0-448-gace5c5693b (webtiles) character file.

Game seed: 15920726206448293206

174 miscthings the Twirler (level 5, -1/38 HPs)
             Began as a Demonspawn Gladiator on Feb 28, 2021.
             Killed from afar by Blork the orc (9 damage)
             ... with a puff of frost
             ... on level 4 of the Dungeon.
             The game lasted 00:04:40 (2692 turns).

miscthings the Twirler (Demonspawn Gladiator)       Turns: 2692, Time: 00:04:41

Health: -1/38      AC:  7    Str: 15    XL:     5   Next: 28%
Magic:  5/5        EV: 16    Int: 10    God:
Gold:   153        SH:  0    Dex: 14    Spells: 4/4 levels left

rFire    + . .     SeeInvis .   a - +0 quarterstaff
rCold    . . .     Faith    .   (shield currently unavailable)
rNeg     . . .     Spirit   .   b - +0 leather armour
rPois    .         Reflect  .   c - +0 helmet
rElec    .         Harm     .   (no cloak)
rCorr    .         Rampage  .   f - +2 pair of gloves
Will     .....                  (no boots)
Stlth    +.........             (no amulet)
HPRegen  0.12/turn              i - ring of protection from fire
MPRegen  0.09/turn              l - +4 ring of evasion

@: no status effects
A: foul stench 1, powered by death 1
a: no special abilities


You were on level 4 of the Dungeon.
You visited 1 branch of the dungeon, and saw 4 of its levels.

You collected 153 gold pieces.

Inventory:

Hand Weapons
 a - a +0 quarterstaff (weapon)
Missiles
 d - 3 throwing nets (quivered)
Armour
 b - a +0 leather armour (worn)
 c - a +0 helmet (worn)
 f - a +2 pair of gloves (worn)
Magical Staves
 u - a staff of air
Jewellery
 i - a ring of protection from fire (left hand)
 k - a ring of see invisible
 l - a +4 ring of evasion (right hand)
 m - a ring of protection from cold
Scrolls
 h - 4 scrolls of identify {@r1}
 j - a scroll of teleportation
 o - a scroll of fog
 r - a scroll of magic mapping
Potions
 e - 2 potions of heal wounds
 g - 3 potions of haste
 n - a potion of berserk rage
 q - a potion of lignification
 v - a potion of flight


   Skills:
 - Level 2.0 Fighting
 + Level 5.5 Staves
 - Level 1.7 Throwing
 - Level 2.6 Dodging


You had 4 spell levels left.
You didn't know any spells.
Your spell library contained the following spells:

 Spells                   Type           Power        Failure   Level
 Magic Dart               Conj           0%           43%         1
 Blink                    Tloc           N/A          56%         2
 Call Imp                 Summ           0%           56%         2
 Slow                     Hex            0%           56%         2
 Conjure Flame            Conj/Fire      0%           80%         3
 Mephitic Cloud           Conj/Pois/Air  0%           80%         3


Dungeon Overview and Level Annotations

Branches:
Dungeon (4/15)
 Temple: D:4-7

Altars:
Elyvilon
Hepliaklqana
Sif Muna

Annotations:
D:4 Blork the orc


Innate Abilities, Weirdness & Mutations

You may rarely emit foul miasma when damaged in melee.
You regenerate a little health from kills.


Message History

Blork the orc is heavily wounded.
Blork the orc closely misses you. Blork the orc barely misses you.
You hit Blork the orc.
Blork the orc is heavily wounded.
Blork the orc casts a spell at you. The puff of frost hits you.
You closely miss Blork the orc.
Blork the orc is heavily wounded.
Blork the orc hits you with a +0 dire flail!
Blork the orc misses you.
You barely miss Blork the orc.
Blork the orc is heavily wounded.
Blork the orc gestures at you while chanting.
The puff of frost hits you.
Throw: dart (atropa)
Press: ? - help, Q - select action, (/) - cycle Shift-Dir - straight line, f/p - Blork the orc
Aim: Blork the orc, wielding a +0 dire flail and wearing a +0 robe (heavily wounded, fast, 63% to hit, chance to blind on hit: 80%)
You throw an atropa-tipped dart.
The atropa-tipped dart barely misses Blork the orc.
Blork the orc misses you.
Throw: 4 throwing nets
Press: ? - help, Q - select action Shift-Dir - straight line, f/p - Blork the orc
Aim: Blork the orc, wielding a +0 dire flail and wearing a +0 robe (heavily wounded, fast, 63% to hit)
You throw a throwing net.
The throwing net closely misses Blork the orc.
Blork the orc hits you with a +0 dire flail.
* * * LOW HITPOINT WARNING * * *
You emit a cloud of foul miasma!
Blork the orc is engulfed in dark miasma.
Blork the orc is poisoned.
Blork the orc seems to slow down.
Blork the orc points at you and mumbles some strange words.
The puff of flame hits you but does no damage.
You resist.
You closely miss Blork the orc.
Blork the orc is severely wounded.
Blork the orc is engulfed in dark miasma.
Blork the orc looks even sicker.
Blork the orc gestures at you while chanting.
The puff of frost hits you!
You die...

#...# #.#.# #.#.#
#.#.# ##.#.####
#.....†.# #..#.##.#
#..#.##.######
#..#.......@.#
#..####.####o#
.#####..####.####.#
................[..
.........#######....
....###..# ....
.........# .....
....####.# .....# ..
#.#


You could see Blork the orc (fast, very poisoned, slow).

Vanquished Creatures
  3 gnolls (D:3)
  9 adders
  An ooze (D:3)
  2 worms
  2 dart slugs
  3 leopard geckos
  2 ball pythons (D:3)
  5 bats
  2 giant cockroaches
  2 goblins
  5 hobgoblins
  2 jackals (D:2)
  7 frilled lizards
  5 kobolds
  5 rats
55 creatures vanquished.

Vanquished Creatures (others)
  3 plants (D:2)
3 creatures vanquished.

Grand Total: 58 creatures vanquished

Notes
Turn   | Place    | Note
-------+----------+-------------------------------------------
     0 | D:1      | miscthings the Demonspawn Gladiator began the quest for the
                  | Orb.
     0 | D:1      | Reached XP level 1. HP: 16/16 MP: 1/1
   107 | D:1      | Reached skill level 3 in Staves
   197 | D:1      | Gained mutation: You may rarely emit foul miasma when
                  | damaged in melee. [demonic ancestry]
   197 | D:1      | Reached XP level 2. HP: 22/22 MP: 2/2
   888 | D:2      | Reached XP level 3. HP: 22/27 MP: 3/3
   929 | D:2      | Reached skill level 4 in Staves
  1382 | D:2      | Gained mutation: You regenerate a little health from kills.
                  | [demonic ancestry]
  1382 | D:2      | Reached XP level 4. HP: 33/33 MP: 4/4
  1466 | D:2      | Found a shimmering blue altar of Sif Muna.
  1870 | D:3      | Reached skill level 5 in Staves
  2373 | D:3      | Reached XP level 5. HP: 27/38 MP: 5/5
  2449 | D:3      | Found a white marble altar of Elyvilon.
  2576 | D:4      | Found a hazy altar of Hepliaklqana.
  2671 | D:4      | Noticed Blork the orc
  2692 | D:4      | Killed from afar by Blork the orc

Illustrated notes

Levels and vault maps discovered:
D:1:      saegor_arrival_simple_d, layout_basic
D:2:      layout_loops_ring, lemuel_coloured_pillars_altar, serial_bayou_pond_a
D:3:      layout_basic, elyvilon_altar_5
D:4:      layout_loops_ring, kennysheep_little_box, minmay_temple_entry_statues,
          uniq_grinder, uniq_blork_the_orc, uniq_robin, uniq_menkaure

Skill      XL: |  1  2  3  4 |
---------------+-------------+-----
Staves         | 3 4 5 |  5.5
Fighting       | |  2.0
Throwing       | |  1.7
Dodging        | |  2.6

Action                   |  1- 3 |  4- 6 || total
-------------------------+-------+-------++-------
Melee: Quarterstaff      |    80 |   102 ||   182
Throw: Dart              |       |     2 ||     2
       Throwing net      |       |     1 ||     1
  Use: Scroll            |       |    13 ||    13
 Stab: Sleeping          |     1 |     1 ||     2
       Invisible         |       |     1 ||     1
Armor: Leather armour    |    23 |    22 ||    45
Dodge: Dodged            |    56 |    94 ||   150

Table legend: (Time is in decaauts)
 A = Elapsed time spent in this place.
 B = Non-inter-level travel time spent in this place.
 C = Inter-level travel time spent in this place.
 D = Time resting spent in this place.
 E = Time spent auto-exploring this place.
 F = Levels seen in this place.
 G = Mean time per level.
                   A        B        C        D        E       F      G
               +--------+--------+--------+--------+--------+-----+--------+
         Total |   2710 |   2608 |    102 |    300 |   1749 |   4 |  677.5 |
       Dungeon |   2710 |   2608 |    102 |    300 |   1749 |   4 |  677.5 |
               +--------+--------+--------+--------+--------+-----+--------+

Top non-repeatable levels by time:
     D:2: 913 daAuts
     D:3: 872 daAuts
     D:1: 734 daAuts
     D:4: 190 daAuts
